 Dungeon Crawl Stone Soup version 0.30-a0-1161-g0704695555 (webtiles) character file.

Game seed: 10715960450118697312

577 kae the Changer (level 6, -1/55 HPs)
             Began as a Demigod Transmuter on Apr 27, 2023.
             Slain by an ogre
             ... wielding a +0 giant spiked club
              (15 damage)
             ... on level 5 of the Dungeon.
             The game lasted 00:05:04 (4514 turns).

kae the Changer (Demigod Transmuter)                Turns: 4514, Time: 00:05:04

Health: -1/55      AC:  7    Str: 11    XL:     6   Next: 88%
Magic:  9/15       EV: 10    Int: 23    God:
Gold:   283        SH:  0    Dex: 14    Spells: 3/13 levels left

rFire   x . .        k - melded +1 short sword (drain)
rCold   + + +        (shield currently unavailable)
rNeg    . . .        l - melded +4 robe "Timnoi" {rPois rCorr Dex+3 Stlth+}
rPois   +            (helmet currently unavailable)
rElec   .            (cloak currently unavailable)
rCorr   .            (gloves currently unavailable)
SInv    .            (boots currently unavailable)
Will    .....        (no amulet)
Stlth   +            (no ring)
HPRegen 0.29/turn    (no ring)
MPRegen 0.14/turn

%: no passive effects
@: ice-form
A: freezing attack, amphibious, boosted hp, large, high MP 1, forlorn, divine
attributes
a: End Transformation


You were on level 5 of the Dungeon.
You were a creature of crystalline ice.
You visited 1 branch of the dungeon, and saw 5 of its levels.
You also visited: Sewer.

You collected 283 gold pieces.


Innate Abilities, Weirdness & Mutations

You are a creature of crystalline ice.
You have a powerful freezing melee attack.
You are amphibious.
Your maximum health is increased.
Your armour is entirely melded.
You are incapable of wielding weapons or throwing items.
You have an increased reservoir of magic. (+10% MP)
You shall have no god before yourself.
Your divine heritage dramatically boosts your attributes as you level up.


   Skills:
 - Level 0.8 Fighting
 - Level 1.7 Dodging
 - Level 2.6 Unarmed Combat
 + Level 4.0 Spellcasting
 + Level 4.4 Transmutations
 * Level 2.8 Ice Magic
 - Level 2.0 Poison Magic


You had 3 spell levels left.
You knew the following spells:

 Your Spells              Type           Power      Damage    Failure   Level
a - Beastly Appendage     Tmut           48%        N/A       1%          1
b - Wereblood             Tmut           24%        N/A       2%          2
c - Spider Form           Tmut/Pois      19%        N/A       9%          3
d - Ice Form              Ice/Tmut       21%        N/A       24%         4

Your spell library contained the following spells:

 Spells                   Type           Power      Damage    Failure   Level
 Cigotuvi's Dreadful Rot  Necr/Pois/Air  14%        N/A       12%         2
 Ignite Poison            Fire/Tmut/Pois 14%        N/A       13%         3
 Inner Flame              Hex/Fire       4%         N/A       30%         3
 Blade Hands              Tmut           12%        N/A       43%         5
 Animate Armour           Summ/Erth      8%         N/A       71%         4
 Flame Wave               Conj/Fire      4%         2d5       71%         4
 Sticky Flame             Conj/Fire      4%         2d3       71%         4
 Freezing Cloud           Conj/Ice/Air   4%         6-21      89%         5
 Summon Forest            Summ/Tloc      2%         N/A       96%         5
 Eringya's Noxious Bog    Tmut/Pois      9%         N/A       99%         6
 Iron Shot                Conj/Erth      2%         9d2       100%        6
 Summon Hydra             Summ           2%         N/A       100%        7

Inventory:

Hand Weapons
 k - a +1 short sword of draining (melded)
   (You took it off a kobold on level 1 of the Dungeon)
Missiles
 g - 30 stones
 n - 4 poisoned darts
 o - 8 boomerangs
 x - 2 javelins
Armour
 a - a +0 robe
 l - the +4 robe "Timnoi" (melded) {rPois rCorr Dex+3 Stlth+}
   (You found it on level 4 of the Dungeon)

   Dex:       It affects your dexterity (+3).
   rPois:     It protects you from poison.
   rCorr:     It protects you from acid and corrosion.
   Stlth:     It makes you more stealthy.
Magical Staves
 w - a staff of conjuration {!a}
   (You found it on level 4 of the Dungeon)
Jewellery
 S - a +6 ring of strength
   (You found it on level 4 of the Dungeon)
Wands
 v - a wand of paralysis (3)
   (You found it on level 4 of the Dungeon)
Scrolls
 i - 3 scrolls of teleportation {@r4}
 m - a scroll of butterflies
 q - a scroll of enchant weapon
 y - 2 scrolls of identify {@r1}
Potions
 b - 3 potions of lignification {!q}
 c - 5 potions of curing {@q1}
 d - a potion of cancellation
 e - a potion of haste {@q3}
 f - a potion of might
 h - a potion of ambrosia
 j - 2 potions of resistance
 p - 3 potions of degeneration {unknown}
 r - a potion of mutation {unknown}
 s - 4 potions of flight {unknown}
 t - 2 potions of heal wounds {unknown}
 u - a potion of magic {unknown}
 z - a potion of berserk rage {unknown}

Dungeon Overview and Level Annotations

Branches:
Dungeon (5/15) Zot: 25953   Sewer (visited)
 Temple: D:4-7

Shops:
D:1

= .#..# ....# ..... #...
............##..##
...........##..?#
.......#..##O..## ..
##.........##Y...#
..##.......#..##...##
...........#..#.....###
......................#.
...#.#..................
......................#.
...............[.....##
.......................#
.....#.........>.......#


You could see an ogre.


Message History

You lost 3 mp, and now have 12/15 mp.
You closely miss the phantom.
The phantom hits you but does no damage.
You hit the phantom. The phantom completely misses you.
You closely miss the phantom. The phantom barely misses you.
You bite the phantom! The phantom hits you.
The phantom blinks!
You blink.
You hit the phantom.
The phantom barely misses you. 😕 HP[-2] MP[+1]
You take 2 damage, and now have 44/46 hp.
You barely miss the phantom. The phantom misses you.
You closely miss the phantom. The phantom barely misses you.
You barely miss the phantom. The phantom misses you.
You hit the phantom.
The phantom closely misses you. 😕 HP[+1]
You hit the phantom.
Your transformation is almost over.
The phantom closely misses you.
You hit the phantom. The phantom closely misses you.
You barely miss the phantom. The phantom misses you.
You hit the phantom but do no damage.
The phantom completely misses you. 😎 HP[+1] MP[+1]
Your hp is fully restored (46).
You barely miss the phantom. The phantom barely misses you.
You hit the phantom. The phantom hits you. 😕 HP[-4]
You take 4 damage, and now have 42/46 hp.
You hit the phantom. 😕 HP[+1]
You closely miss the phantom. The phantom barely misses you.
You hit the phantom but do no damage. The phantom hits you! 😕 HP[-7]
You take 7 damage, and now have 36/46 hp.
You hit the phantom.
You destroy the phantom!
Unknown command.
Your transformation has ended.
Your +1 short sword of draining unmelds from your body.
The +4 robe "Timnoi" {rPois rCorr Dex+3 Stlth+} unmelds from your body.
You sense an unholy aura. 😕 HP[+1] MP[+1]
Your mp is fully restored (15).
Unknown command.
Unknown command.
z - a metallic cyan potion 😕 HP[+2]
You regained 2 hp, and now have 39/46 hp.
Key pressed, stopping explore.
Unknown command. 😕 HP[+3]
You regained 3 hp, and now have 42/46 hp.
You now have 283 gold pieces (gained 13).
y - 2 scrolls of identify {@r1} (gained 1)
Found a stone staircase leading down. 😎 HP[+4]
Your hp is fully restored (46).
An ogre comes into view. It is wielding a +0 giant spiked club.
An ogre is nearby!
An ogre is nearby!
An ogre is nearby!
Casting: Spider Form (dangerous; 9% risk of failure)
Confirm with . or Enter, or press ? or * to list all spells.
You turn into a venomous arachnid creature.
Your +1 short sword of draining melds into your body.
The +4 robe "Timnoi" {rPois rCorr Dex+3 Stlth+} melds into your body.
The ogre shouts! 😎 MP[-3]
You lost 3 mp, and now have 12/15 mp.
Your transformation has ended.
Your +1 short sword of draining unmelds from your body.
The +4 robe "Timnoi" {rPois rCorr Dex+3 Stlth+} unmelds from your body.
You sense an unholy aura.
Casting: Spider Form (dangerous; 9% risk of failure)
Confirm with . or Enter, or press ? or * to list all spells.
The spell is quite dangerous to miscast (24% risk of failure)!
Continue anyway? [Y]es or [N]o only, please.
The spell is quite dangerous to miscast (24% risk of failure)!
Continue anyway?
You turn into a creature of crystalline ice.
Your +1 short sword of draining melds into your body.
The +4 robe "Timnoi" {rPois rCorr Dex+3 Stlth+} melds into your body. 😎 HP[+9] MP[-4]
You now have 55 max hp (+9).
Your hp is fully restored (55).
You lost 4 mp, and now have 8/15 mp.
You hit the ogre. You freeze the ogre.
The ogre hits you with a +0 giant spiked club!!
Ouch! That really hurt!
* * * LOW HITPOINT WARNING * * *
😨 HP[-29] MP[+1]
You take 29 damage, and now have 26/55 hp.
MASSIVE DAMAGE!! (PAUSE)
You hit the ogre. You freeze the ogre.
The ogre hits you with a +0 giant spiked club!
* * * LOW HITPOINT WARNING * * *
😨 HP[-12]
You take 12 damage, and now have 14/55 hp.
MASSIVE DAMAGE!! (PAUSE)
You hit the ogre. You freeze the ogre. You hit the ogre. You freeze the ogre.
The ogre hits you with a +0 giant spiked club!
You die...

Skill      XL: |  1  2  3  4  5  6 |
---------------+-------------------+-----
Spellcasting   | 2 3 4 |  4.0
Transmutations | 2 3 4 |  4.4
Poison Magic   | 1 2 |  2.0
Ice Magic      | 1 2 |  2.8
Fighting       | |  0.8
Dodging        | |  1.7
Unarmed Combat | |  2.6

Action                     |  1- 3 |  4- 6 || total
---------------------------+-------+-------++-------
  Melee: Unarmed           |    33 |    68 ||   101
         Kick              |    24 |    26 ||    50
         Headbutt          |    13 |     9 ||    22
         Punch             |     2 |     3 ||     5
         Short sword       |    61 |   148 ||   209
   Cast: Beastly Appendage |    31 |    21 ||    52
         Wereblood         |     3 |     6 ||     9
         Spider Form       |     1 |     6 ||     7
         Ice Form          |       |     2 ||     2
Ability: End Transformatio |       |     1 ||     1
    Use: Scroll            |     6 |     4 ||    10
   Stab: Sleeping          |     2 |     7 ||     9
         Distracted        |       |     1 ||     1
 Armour: Robe              |    16 |    45 ||    61
         Skin              |     1 |     4 ||     5
  Dodge: Dodged            |    79 |   160 ||   239

Levels and vault maps discovered:
D:1:      dpeg_arrival_round_b, layout_basic, serial_shops, shop,
          nicolae_figureground_pulse
D:2:      layout_loops_corners, kennysheep_generic_room_16
D:3:      layout_basic, fountainhead, minmay_hedge_maze
D:4:      layout_basic, cheibrodos_sewer_entry_sluice
D:5:      layout_cave_pools, nicolae_qazlal_scattered_showers,
          ebering_ghost_sewer_d, minmay_door_square, guppyfry_shop_venom

Notes
Turn   | Place    | Note
-------+----------+-------------------------------------------
     0 | D:1      | kae the Demigod Transmuter began the quest for the Orb.
     0 | D:1      | Reached XP level 1. HP: 15/15 MP: 5/5
     0 | D:1      | magus.rc [v1.11.3]
   194 | D:1      | Reached skill level 2 in Spellcasting
   194 | D:1      | Reached skill level 2 in Transmutations
   232 | D:1      | Reached XP level 2. HP: 22/22 MP: 5/7
   235 | D:1      | Learned a level 2 spell: Wereblood
   598 | D:1      | Reached skill level 1 in Poison Magic
   875 | D:1      | Found Zeufofy's Jewellery Shop.
  1100 | D:2      | You pick up a book of Flames and begin reading...
  1100 | D:2      | You add the spells Inner Flame, Sticky Flame and Flame Wave
                  | to your library.
  1261 | D:2      | Reached XP level 3. HP: 26/27 MP: 6/9
  1265 | D:2      | Learned a level 3 spell: Spider Form
  1545 | D:2      | You add the spells Summon Forest, Eringya's Noxious Bog and
                  | Summon Hydra to your library.
  1598 | D:2      | You add the spells Cigotuvi's Dreadful Rot, Ignite Poison
                  | and Freezing Cloud to your library.
  2228 | D:3      | Reached XP level 4. HP: 34/34 MP: 4/10
  2241 | D:3      | Reached skill level 2 in Poison Magic
  2597 | D:3      | Reached skill level 3 in Transmutations
  2617 | D:3      | You pick up a book of Iron and begin reading...
  2617 | D:3      | You add the spells Animate Armour, Blade Hands and Iron
                  | Shot to your library.
  2946 | D:4      | Reached skill level 3 in Spellcasting
  2984 | D:4      | Identified the +4 robe "Timnoi" {rPois rCorr Dex+3 Stlth+}
  3170 | D:4      | Found a glowing drain.
  3205 | D:4      | Reached XP level 5. HP: 24/39 MP: 12/12
  3208 | Sewer    | Entered a sewer
  3625 | Sewer    | Learned a level 4 spell: Ice Form
  3738 | D:4      | Reached skill level 1 in Ice Magic
  3740 | D:4      | Reached XP level 6. HP: 38/46 MP: 14/14
  4181 | D:5      | Entered Level 5 of the Dungeon
  4186 | D:5      | Reached skill level 4 in Transmutations
  4278 | D:5      | Reached skill level 2 in Ice Magic
  4379 | D:5      | Reached skill level 4 in Spellcasting
  4514 | D:5      | Slain by an ogre

Vanquished Creatures
  2 phantoms
  A scorpion (D:5)
  A hound (D:5)
  3 iguanas (D:5)
  11 adders
  4 river rats (Sewer)
  3 worms
  3 dart slugs
  15 orcs
  11 ball pythons
  4 endoplasms
  5 giant cockroaches
  6 goblins
  5 hobgoblins
  7 jackals
  4 kobolds
  2 quokkas (D:2)
  8 bats
  6 frilled lizards
  11 rats
112 creatures vanquished.

Table legend:
 A = Non-vault XP
 B = Vault XP
 C = Vault XP percentage of total XP
 D = Non-vault monster count
 E = Vault monster count
 F = Vault count percentage of total count
                 A         B        C        D         E       F
            +---------+---------+-------+---------+---------+-------
      Total |     704 |     121 |  14.7 |      86 |      26 |  23.2
            +---------+---------+-------+---------+---------+-------
        D:1 |      31 |       0 |   0.0 |      17 |       0 |   0.0
        D:2 |      68 |       1 |   1.4 |      18 |       1 |   5.3
        D:3 |      88 |       0 |   0.0 |      25 |       0 |   0.0
        D:4 |     157 |      11 |   6.5 |      18 |       4 |  18.2
        D:5 |     360 |       0 |   0.0 |       8 |       0 |   0.0
      Sewer |       0 |     109 | 100.0 |       0 |      21 | 100.0
            +---------+---------+-------+---------+---------+-------

Skill      XL: |  1  2  3  4  5  6 |
---------------+-------------------+-----
Spellcasting   | 2 3 4 |  4.0
Transmutations | 2 3 4 |  4.4
Poison Magic   | 1 2 |  2.0
Ice Magic      | 1 2 |  2.8
Fighting       | |  0.8
Dodging        | |  1.7
Unarmed Combat | |  2.6

Action                     |  1- 3 |  4- 6 || total
---------------------------+-------+-------++-------
  Melee: Unarmed           |    33 |    68 ||   101
         Kick              |    24 |    26 ||    50
         Headbutt          |    13 |     9 ||    22
         Punch             |     2 |     3 ||     5
         Short sword       |    61 |   148 ||   209
   Cast: Beastly Appendage |    31 |    21 ||    52
         Wereblood         |     3 |     6 ||     9
         Spider Form       |     1 |     6 ||     7
         Ice Form          |       |     2 ||     2
Ability: End Transformatio |       |     1 ||     1
    Use: Scroll            |     6 |     4 ||    10
   Stab: Sleeping          |     2 |     7 ||     9
         Distracted        |       |     1 ||     1
 Armour: Robe              |    16 |    45 ||    61
         Skin              |     1 |     4 ||     5
  Dodge: Dodged            |    79 |   160 ||   239

Illustrated notes

Table legend:
 A = Kills in this place as a percentage of kills in the entire game.
 B = Kills by you in this place as a percentage of kills by you in the entire game.
 C = Kills by friends in this place as a percentage of kills by friends in the entire game.
 D = Other kills in this place as a percentage of other kills in the entire game.
 E = Experience gained in this place as a percentage of experience gained in the entire game.
 F = Experience gained in this place divided by the number of levels of this place that you have seen.
                   A       B       C       D       E      F
               +-------+-------+-------+-------+-------+----------------------
         Total | 100.0 | 100.0 |   N/A |   N/A | 100.0 | 137.5
       Dungeon |  81.2 |  81.2 |   N/A |   N/A |  86.8 | 143.2
         Sewer |  18.8 |  18.8 |   N/A |   N/A |  13.2 | 109.0
               +-------+-------+-------+-------+-------+----------------------

Table legend: (Time is in decaauts)
 A = Elapsed time spent in this place.
 B = Non-inter-level travel time spent in this place.
 C = Inter-level travel time spent in this place.
 D = Time resting spent in this place.
 E = Time spent auto-exploring this place.
 F = Levels seen in this place.
 G = Mean time per level.
                   A        B        C        D        E       F      G
               +--------+--------+--------+--------+--------+-----+--------+
         Total |   4556 |   4454 |    102 |      0 |   3334 |   6 |  759.3 |
       Dungeon |   4045 |   3943 |    102 |      0 |   3031 |   5 |  809.0 |
         Sewer |    510 |    510 |      0 |      0 |    303 |   1 |  510.0 |
               +--------+--------+--------+--------+--------+-----+--------+

Top non-repeatable levels by time:
     D:1: 1057 daAuts
     D:2: 1009 daAuts
     D:3: 847 daAuts
     D:4: 800 daAuts
   Sewer: 510 daAuts
     D:5: 330 daAuts
